 Dungeon Crawl Stone Soup version 0.30-a0-996-ga6910c8ee8 (webtiles) character file.

Game seed: 5068573965296733295

419 NinjaNoafa the Digger (level 6, -10/44 HPs)
             Began as a Gnoll Earth Elementalist on Apr 4, 2023.
             Was an Initiate of Vehumet.
             Mangled by Duvessa
             ... wielding a +0 rapier of speed
              (15 damage)
             ... on level 4 of the Dungeon.
             The game lasted 00:03:42 (2238 turns).

NinjaNoafa the Digger (Gnoll Earth Elementalist)    Turns: 2238, Time: 00:03:43

Health: -10/44     AC:  5    Str:  7    XL:     6   Next: 93%
Magic:  8/14       EV: 13    Int: 16    God:    Vehumet [......]
Gold:   186        SH:  0    Dex: 13    Spells: 13/16 levels left

rFire   . . .      SeeInvis .    e - +0 mace (drain)
rCold   . . .      Faith    +    (no shield)
rNeg    . . .      Spirit   .    t - +0 leather armour {rPois}
rPois   +          Reflect  .    (no helmet)
rElec   .          Rampage  .    (no cloak)
rCorr   .                        j - +0 pair of gloves
Will    .....                    f - +0 pair of boots
Stlth   ++                       r - amulet of faith
HPRegen 0.27/turn                (no ring)
MPRegen 0.14/turn                (no ring)

@: hasted, very quick
A: fangs 1, strong nose, distributed training
a: Renounce Religion


You were on level 4 of the Dungeon.
You worshipped Vehumet.
Vehumet was noncommittal.
You visited 1 branch of the dungeon, and saw 4 of its levels.

You collected 186 gold pieces.

Inventory:

Hand Weapons
 e - a +0 mace of draining (weapon)
Missiles
 c - 2 silver boomerangs
 q - 2 poisoned darts
Armour
 f - a +0 pair of boots (worn)
 j - a +0 pair of gloves (worn)
 t - a +0 leather armour of poison resistance (worn)
Jewellery
 r - an amulet of faith (around neck)
Scrolls
 h - a scroll of teleportation {unknown}
 k - a scroll of poison {unknown}
 l - 2 scrolls of enchant armour {unknown}
 m - a scroll of noise {unknown}
 o - a scroll of enchant weapon {unknown}
 p - 2 scrolls of silence {unknown}
 s - a scroll of identify {unknown}
Potions
 b - a potion of magic
 d - a potion of haste
 g - a potion of degeneration {unknown}
 i - 2 potions of lignification {unknown}
 n - 3 potions of curing {unknown}


   Skills:
 + Level 2.2 Fighting
 + Level 2.2 Short Blades
 + Level 2.2 Long Blades
 + Level 2.2 Axes
 + Level 2.2 Maces & Flails
 + Level 2.2 Polearms
 + Level 2.2 Staves
 + Level 2.2 Ranged Weapons
 + Level 2.2 Throwing
 + Level 2.2 Armour
 + Level 5.1 Dodging
 + Level 4.7 Stealth
 + Level 2.2 Shields
 + Level 2.2 Unarmed Combat
 + Level 5.5 Spellcasting
 + Level 1.8 Conjurations
 + Level 1.8 Hexes
 + Level 1.8 Summonings
 + Level 1.8 Necromancy
 + Level 1.8 Translocations
 + Level 2.8 Transmutations
 + Level 1.8 Fire Magic
 + Level 1.8 Ice Magic
 + Level 1.8 Air Magic
 + Level 5.7 Earth Magic
 + Level 1.8 Poison Magic
 + Level 2.5 Invocations
 + Level 2.2 Evocations


You had 13 spell levels left.
You knew the following spells:

 Your Spells              Type           Power      Damage    Failure   Level
a - Sandblast             Erth           44%        2d11      1%          1
b - Passwall              Tmut/Erth      15%        N/A       5%          2

Your spell library contained the following spells:

 Spells                   Type           Power      Damage    Failure   Level
 Magic Dart               Conj           40%        1d5       10%         1
 Stone Arrow              Conj/Erth      32%        3d9       13%         3
 Petrify                  Tmut/Erth      18%        N/A       34%         4


Dungeon Overview and Level Annotations

Branches:
Dungeon (4/15)
 Temple: D:4-7

Altars:
Kikubaaqudgha
Sif Muna
Vehumet

Annotations:
D:4 Duvessa


Innate Abilities, Weirdness & Mutations

You have very sharp teeth.
Your uncanny sense of smell can sniff out nearby items.
Your experience applies equally to all skills.


Message History

Really put on
r - an amulet of faith?
You start putting on your amulet.
You continue putting on your amulet of faith. x5
You finish putting on your amulet of faith.
You feel a surge of divine interest.
r - an amulet of faith (around neck)
You drop a +0 robe.
Dowan, Brother of Duvessa comes into view.
He is wielding a +2 vampiric dagger.
Okay, then.
Casting: Sandblast (safe; 1% risk of failure)
Confirm with . or Enter, or press ? or * to list all spells.
Aiming: Passwall (safe; 5% risk of failure)
Press: ? - help, Dir - move target A rock wall.
Okay, then.
The blast of sand hits Dowan!
Dowan is moderately wounded.
Dowan shouts!
Dowan gestures at you while chanting. You resist with some effort.
The blast of sand hits Dowan!
Dowan is severely wounded.
Duvessa, Sister of Dowan comes into view.
She is wielding a +0 rapier of speed.
The blast of sand hits Dowan!
You kill Dowan!
Vehumet accepts your kill.
Duvessa screams in rage.
Duvessa goes berserk!
The blast of sand hits Duvessa but does no damage.
Duvessa hits you with a +0 rapier of speed!!
Duvessa hits you with a +0 rapier of speed!
* * * LOW HITPOINT WARNING * * *
Duvessa hits you with a +0 rapier of speed.
* * * LOW HITPOINT WARNING * * *
Unknown command.
It was a potion of haste.
You feel yourself speed up.
Duvessa hits you with a +0 rapier of speed!
* * * LOW HITPOINT WARNING * * *
Duvessa hits you with a +0 rapier of speed!
You die...

..# ..# ..# ∆
..# ..# ..#
#####..#
###..<...####.
#...@[).......
#.#e###.####..
# #) .# .. .#
..# .# ##. ..
## .. ..


You could see Duvessa (berserk).

Vanquished Creatures
  Sigmund (D:2)
  Eustachio (D:4)
  Dowan (D:4)
  2 adders (D:2)
  2 dart slugs
  2 endoplasms (D:1)
  6 goblins
  13 hobgoblins
  5 kobolds
  8 ball pythons
  2 bats (D:1)
  A frilled lizard (D:1)
  6 rats
50 creatures vanquished.

Notes
Turn   | Place    | Note
-------+----------+-------------------------------------------
     0 | D:1      | NinjaNoafa the Gnoll Earth Elementalist began the quest for
                  | the Orb.
     0 | D:1      | Reached XP level 1. HP: 13/13 MP: 6/6
   157 | D:1      | Reached XP level 2. HP: 19/19 MP: 5/7
   698 | D:2      | Reached skill level 5 in Spellcasting
   698 | D:2      | Reached XP level 3. HP: 25/25 MP: 4/9
   806 | D:2      | Reached skill level 1 in Invocations
  1005 | D:2      | Reached skill level 1 in Fighting
  1005 | D:2      | Reached skill level 1 in Short Blades
  1005 | D:2      | Reached skill level 1 in Long Blades
  1005 | D:2      | Reached skill level 1 in Axes
  1005 | D:2      | Reached skill level 1 in Maces & Flails
  1005 | D:2      | Reached skill level 1 in Polearms
  1005 | D:2      | Reached skill level 1 in Staves
  1005 | D:2      | Reached skill level 1 in Ranged Weapons
  1005 | D:2      | Reached skill level 1 in Throwing
  1005 | D:2      | Reached skill level 1 in Armour
  1005 | D:2      | Reached skill level 1 in Shields
  1005 | D:2      | Reached skill level 1 in Unarmed Combat
  1005 | D:2      | Reached skill level 1 in Evocations
  1083 | D:2      | Reached XP level 4. HP: 32/32 MP: 9/11
  1241 | D:2      | Noticed Sigmund
  1253 | D:2      | Killed Sigmund
  1254 | D:2      | Reached skill level 1 in Conjurations
  1254 | D:2      | Reached skill level 1 in Hexes
  1254 | D:2      | Reached skill level 1 in Summonings
  1254 | D:2      | Reached skill level 1 in Necromancy
  1254 | D:2      | Reached skill level 1 in Translocations
  1254 | D:2      | Reached skill level 1 in Fire Magic
  1254 | D:2      | Reached skill level 1 in Ice Magic
  1254 | D:2      | Reached skill level 1 in Air Magic
  1254 | D:2      | Reached skill level 1 in Poison Magic
  1254 | D:2      | Reached XP level 5. HP: 22/38 MP: 6/12
  1254 | D:2      | Reached XP level 6. HP: 25/44 MP: 6/13
  1932 | D:3      | Found a shimmering blue altar of Sif Muna.
  1933 | D:3      | Found an ancient bone altar of Kikubaaqudgha.
  1934 | D:3      | Found a radiant altar of Vehumet.
  1939 | D:3      | Got Vehumet's Vademecum on Bruises
  2098 | D:3      | Became a worshipper of Vehumet
  2204 | D:4      | Noticed Eustachio
  2211 | D:4      | Learned a level 2 spell: Passwall
  2213 | D:4      | Killed Eustachio
  2214 | D:4      | Reached skill level 5 in Dodging
  2233 | D:4      | Noticed Dowan
  2236 | D:4      | Noticed Duvessa
  2236 | D:4      | Killed Dowan
  2238 | D:4      | Mangled by Duvessa

Illustrated notes

Levels and vault maps discovered:
D:1:      eino_arrival_cavern_a, layout_basic,
          nicolae_concentric_dashed_squares_wild
D:2:      cheibrodos_greedy_goblins, layout_basic, kennysheep_generic_room_5,
          uniq_sigmund
D:3:      layout_rooms, grunt_temple_overflow_magic_moments
D:4:      layout_loops_ring, yredelemnul_altar_generic, temple_pool_b,
          minivault_19, dk_noncrumbling_2, uniq_duvessa, uniq_blork_the_orc,
          uniq_eustachio, uniq_natasha

Skill      XL: |  1  2  3  4  5  6 |
---------------+-------------------+-----
Transmutations | 2 |  2.8
Spellcasting   | 5 |  5.5
Invocations    | 1 2 |  2.5
Fighting       | 1 2 |  2.2
Short Blades   | 1 2 |  2.2
Long Blades    | 1 2 |  2.2
Axes           | 1 2 |  2.2
Maces & Flails | 1 2 |  2.2
Polearms       | 1 2 |  2.2
Staves         | 1 2 |  2.2
Ranged Weapons | 1 2 |  2.2
Throwing       | 1 2 |  2.2
Armour         | 1 2 |  2.2
Shields        | 1 2 |  2.2
Unarmed Combat | 1 2 |  2.2
Evocations     | 1 2 |  2.2
Conjurations   | 1 |  1.8
Hexes          | 1 |  1.8
Summonings     | 1 |  1.8
Necromancy     | 1 |  1.8
Translocations | 1 |  1.8
Fire Magic     | 1 |  1.8
Ice Magic      | 1 |  1.8
Air Magic      | 1 |  1.8
Poison Magic   | 1 |  1.8
Dodging        | 5 |  5.1
Stealth        | |  4.7
Earth Magic    | |  5.7

Action                     |  1- 3 |  4- 6 || total
---------------------------+-------+-------++-------
  Melee: Mace              |     1 |       ||     1
   Cast: Sandblast         |    45 |    25 ||    70
    Use: Potion            |       |     1 ||     1
 Armour: Robe              |     1 |     1 ||     2
  Dodge: Dodged            |    16 |       ||    16

Table legend: (Time is in decaauts)
 A = Elapsed time spent in this place.
 B = Non-inter-level travel time spent in this place.
 C = Inter-level travel time spent in this place.
 D = Time resting spent in this place.
 E = Time spent auto-exploring this place.
 F = Levels seen in this place.
 G = Mean time per level.
                   A        B        C        D        E       F      G
               +--------+--------+--------+--------+--------+-----+--------+
         Total |   2272 |   2036 |    236 |      0 |   1672 |   4 |  568.0 |
       Dungeon |   2272 |   2036 |    236 |      0 |   1672 |   4 |  568.0 |
               +--------+--------+--------+--------+--------+-----+--------+

Top non-repeatable levels by time:
     D:2: 975 daAuts
     D:1: 678 daAuts
     D:3: 578 daAuts
     D:4: 39 daAuts
